 Dungeon Crawl Stone Soup version 0.22-a0-348-gd16d139 (webtiles) character file.

4281 Deeps the Cleaver (level 10, -19/75 HPs)
             Began as a Demonspawn Gladiator on Apr 11, 2018.
             Was a Priest of Okawaru.
             Killed from afar by an efreet (27 damage)
             ... with a bolt of fire
             ... on level 8 of the Dungeon.
             The game lasted 00:14:24 (8100 turns).

Deeps the Cleaver (Demonspawn Gladiator)            Turns: 8100, Time: 00:14:25

Health: -19/75     AC: 13    Str: 20 (21) XL:     10   Next: 10%
Magic:  10/10      EV: 13    Int:  7 (9)  God:    Okawaru [***...]
Gold:   483        SH:  0    Dex: 18 (19) Spells: 9/9 levels left

rFire    . . .     SeeInvis .   a - +5 battleaxe
rCold    + . .     Gourm    +   (shield currently unavailable)
rNeg     . . .     Faith    .   o - +0 chain mail
rPois    +         Spirit   .   c - +0 helmet
rElec    .         Reflect  .   G - +0 cloak
rCorr    +         Harm     .   b - +0 pair of gloves
MR       .....                  (no boots)
Stlth    +.........             i - amulet of the gourmand {Gourm, !d}
HPRegen  0.22/turn              m - ring of protection from cold {rC+, !d}
MPRegen  0.12/turn              r - ring of resist corrosion

@: confused, agile, flying (expiring), very slightly contaminated
A: hooves 1, rugged brown scales 2, frail 1, nightstalker 2, poison resistance,
powered by pain 1, strong 1
a: Heroism, Renounce Religion


You were on level 8 of the Dungeon.
You worshipped Okawaru.
Okawaru was most pleased with you.
You were not hungry.

You visited 2 branches of the dungeon, and saw 9 of its levels.

You collected 483 gold pieces.

Inventory:

Hand Weapons
 a - a +5 battleaxe (weapon)
   (You took it off a wight on level 8 of the Dungeon)
 g - a +1 mace of draining
   (You found it on level 8 of the Dungeon)
 z - a +2 dire flail of protection
   (You found it on level 7 of the Dungeon)
Missiles
 d - 3 throwing nets {=f, !d}
Armour
 b - a +0 pair of gloves (worn)
   (You found it on level 6 of the Dungeon)
 c - a +0 helmet (worn)
 o - a +0 chain mail (worn)
   (You found it on level 2 of the Dungeon)
 G - a +0 cloak (worn)
   (You took it off Crazy Yiuf on level 7 of the Dungeon)
Jewellery
 i - an amulet of the gourmand (around neck) {Gourm, !d}
   (You found it on level 1 of the Dungeon)
 l - an uncursed ring of flight {+Fly, !d}
   (You took it off a kobold on level 3 of the Dungeon)
 m - a ring of protection from cold (left hand) {rC+, !d}
   (You found it on level 2 of the Dungeon)
 r - a ring of resist corrosion (right hand)
   (You found it on level 4 of the Dungeon)
Wands
 j - a wand of flame (14)
   (You took it off Ijyb on level 3 of the Dungeon)
 C - a wand of digging (13)
   (You found it on level 6 of the Dungeon)
Scrolls
 e - 2 scrolls of remove curse
 h - 6 scrolls of identify
 q - 3 scrolls of fog
 t - 2 scrolls of amnesia
Potions
 k - a potion of brilliance
 p - a potion of magic
 s - a potion of flight
 u - a potion of agility
 v - a potion of haste
 w - a potion of mutation {!q}
Comestibles
 f - 23 rations {@e1}


   Skills:
 + Level 7.6 Fighting
 + Level 11.6 Axes
 - Level 1.7 Throwing
 - Level 2.6 Dodging
 + Level 2.0 Stealth
 + Level 0.1 Invocations


You had 9 spell levels left.
You didn't know any spells.

Dungeon Overview and Level Annotations

Branches:
Dungeon (8/15)             Temple (1/1) D:5
   Lair: D:8-11

Altars:
Ashenzari
Dithmenos
Elyvilon
Fedhas
Gozag
Hepliaklqana
Kikubaaqudgha
Nemelex Xobeh
Okawaru
Qazlal
Ru
Uskayaw
Xom
The Shining One

Shops:
D:6 !


Innate Abilities, Weirdness & Mutations

You have large cloven feet.
You are mostly covered in rugged brown scales. (AC +2, +5% HP)
You are significantly more attuned to the shadows.
You sometimes gain a little power by taking damage.
You are frail. (-10% HP)
Your system is resistant to poisons. (rPois)
Your muscles are strong. (Str +2)


Message History

You take 3 damage, and have 55/75 hp.
You slash the killer bee!
The killer bee stings you but does no damage.
The killer bee stings you. The killer bee closely misses you.
You take 4 damage, and have 51/75 hp.
You miss the killer bee. Your kick misses the killer bee.
The killer bee stings you but does no damage.
The killer bee stings you.
You take 1 damage, and have 50/75 hp.
You slash the killer bee!
You kill the killer bee!
Okawaru accepts your kill.
The killer bee stings you but does no damage.
You slash the killer bee! Your kick misses the killer bee.
The killer bee stings you. The killer bee closely misses you.
You barely miss the killer bee. The killer bee closely misses you.
The killer bee stings you but does no damage. x2
You miss the killer bee.
The killer bee stings you but does no damage. x2
Your chain mail prevents you from hitting the killer bee.
The killer bee stings you but does no damage.
The killer bee completely misses you.
Your chain mail prevents you from hitting the killer bee.
The killer bee stings you. The killer bee barely misses you.
You take 1 damage, and have 49/75 hp.
You barely miss the killer bee. The killer bee stings you.
The killer bee stings you but does no damage.
The killer bee barely misses you.
You take 1 damage, and have 48/75 hp.
You closely miss the killer bee. Your kick misses the killer bee.
The killer bee misses you.
The killer bee stings you but does no damage.
You hit the killer bee. You kick the killer bee.
The killer bee barely misses you. The killer bee stings you.
You take 6 damage, and have 42/75 hp.
You slash the killer bee!
You kill the killer bee!
Okawaru accepts your kill.
The killer bee stings you but does no damage.
You closely miss the killer bee. Your kick misses the killer bee.
The killer bee stings you. The killer bee barely misses you.
You take 2 damage, and have 41/75 hp.
You closely miss the killer bee. Your kick misses the killer bee.
The killer bee stings you but does no damage.
The killer bee closely misses you.
The killer bee stings you but does no damage.
You miss the killer bee. Your kick misses the killer bee.
The killer bee stings you. The killer bee barely misses you.
You take 3 damage, and have 38/75 hp.
You slash the killer bee! Your kick misses the killer bee.
The killer bee closely misses you. The killer bee barely misses you.
Unknown command.
You closely miss the killer bee. The killer bee stings you!
The killer bee barely misses you.
You take 7 damage, and have 32/75 hp.
You miss the killer bee. You kick the killer bee.
The killer bee stings you but does no damage. x2
You slice the killer bee!!
You kill the killer bee!
Okawaru accepts your kill. The efreet gestures at you.
The fireball explodes!
The fireball engulfs you!
* * * LOW HITPOINT WARNING * * *
You hear a shout!
You take 14 damage, and have 18/75 hp.
Unknown command.
You feel much better.
You are starting to lose your buoyancy.
You regained 25 hp, and now have 43/75 hp.
You slash the efreet! You kick the efreet, but do no damage.
The efreet hits you with a scimitar of flaming!
The efreet burns you.
You take 10 damage, and have 33/75 hp.
You slice the efreet!! You kick the efreet, but do no damage.
The efreet hits you but does no damage.
You hit the efreet but do no damage.
The efreet hits you with a scimitar of flaming!!
* * * LOW HITPOINT WARNING * * *
You focus on the pain.
You feel agile all of a sudden. The efreet burns you!
* * * LOW HITPOINT WARNING * * *
You take 29 damage, and have 4/75 hp.
MASSIVE DAMAGE!!
Okay, then.
Really read
x - a scroll of blinking {!r}? [Y]es or [N]o only, please.
Really read
x - a scroll of blinking {!r}? [Y]es or [N]o only, please.
Really read
x - a scroll of blinking {!r}? [Y]es or [N]o only, please.
Really read
x - a scroll of blinking {!r}?
Blink to where?
You are very lightly contaminated with residual magic.
As you read the scroll of blinking {!r}, it crumbles to dust.
You are confused.
You feel invigorated. The efreet gestures at you. The bolt of fire hits you!
You die...

#..........### ###........###
..##'###.....###
.........##....### §§ ..#
.........####....### .###§ ..#
.........#..###....### ...#§#..#
####...#.#....###....###....R..#
######'#.#.#....###..).###..y..#
.......#.#.###..@.###.§..###§#
.......#.#...###....###)...#§#.#
[......#.#.....###...R§....§...#
.......#.#####################.#.
##)....#...=./..........'........
##.....#.....##....######........
#####'##).....#....##...#........
#.....))......+.........#........
#.............#.........#........


You could see an efreet.

Vanquished Creatures
  Joseph (D:7)
  Grinder (D:3)
  The ghost of hellotanjent the Shield-Bearer, an amateur GrFi of Ashenzari (D:3)
  Duvessa (D:6)
  A water moccasin (D:8)
  3 ice beasts
  2 phantoms
  A necrophage (D:6)
  2 ogres
  2 centaurs (D:5)
  3 big kobolds
  A gnoll sergeant (D:8)
  Dowan (D:6)
  3 scorpions
  5 killer bees (D:8)
  12 wights
  2 howler monkeys
  A bullfrog zombie (D:5)
  A centaur zombie (D:5)
  A quasit (D:6)
  2 crimson imps
  4 hounds
  4 orc priests
  Crazy Yiuf (D:7)
  2 bullfrog skeletons
  7 orc wizards
  Ijyb (D:3)
  Natasha (D:4)
  A centaur skeleton (D:4)
  Terence (D:3)
  2 iguanas
  5 worker ants
  A worker ant zombie (D:5)
  Robin (D:3)
  10 gnolls
  9 adders
  A shadow imp (D:6)
  4 worms
  4 dart slugs
  8 leopard geckos
  32 orcs
  3 ball pythons
  8 giant cockroaches
  20 goblins
  8 hobgoblins
  11 jackals
  3 quokkas
  15 bats
  7 frilled lizards
  A jackal skeleton (D:6)
  24 kobolds
  A quokka zombie (D:6)
  6 rats
253 creatures vanquished.

Notes
Turn   | Place    | Note
-------+----------+-------------------------------------------
     0 | D:1      | Deeps the Demonspawn Gladiator began the quest for the Orb.
     0 | D:1      | Reached XP level 1. HP: 16/16 MP: 1/1
   160 | D:1      | Reached skill level 3 in Axes
   178 | D:1      | Gained mutation: You are slightly more attuned to the shadows. [demonic ancestry]
   178 | D:1      | Reached XP level 2. HP: 20/23 MP: 2/2
   217 | D:1      | Gained mutation: You are partially covered in rugged brown scales. (AC +1, +3% HP) [demonic ancestry]
   217 | D:1      | Reached XP level 3. HP: 7/28 MP: 3/3
   992 | D:2      | Found a shattered altar of Ashenzari.
  1141 | D:2      | Gained mutation: You have large cloven feet. [demonic ancestry]
  1141 | D:2      | Reached XP level 4. HP: 24/35 MP: 4/4
  1261 | D:2      | Reached skill level 4 in Axes
  1261 | D:2      | Reached skill level 1 in Stealth
  1308 | D:2      | Reached skill level 3 in Fighting
  1468 | D:2      | Found a faded altar of an unknown god.
  1722 | D:3      | Noticed Terence
  1737 | D:3      | Killed Terence
  1737 | D:3      | Gained mutation: You sometimes gain a little power by taking damage. [demonic ancestry]
  1737 | D:3      | Reached XP level 5. HP: 17/42 MP: 5/5
  1931 | D:3      | Noticed hellotanjent's ghost (amateur GrFi)
  1967 | D:3      | Killed hellotanjent's ghost
  1967 | D:3      | Reached skill level 5 in Axes
  2393 | D:3      | Noticed Robin
  2398 | D:3      | Gained mutation: You are significantly more attuned to the shadows. [demonic ancestry]
  2398 | D:3      | Reached XP level 6. HP: 44/48 MP: 6/6
  2413 | D:3      | Killed Robin
  2532 | D:3      | Noticed Grinder
  2547 | D:3      | Paralysed by Grinder for 5 turns
  2553 | D:3      | Killed Grinder
  2553 | D:3      | Reached skill level 4 in Fighting
  2553 | D:3      | Reached skill level 6 in Axes
  2706 | D:3      | Reached XP level 7. HP: 46/55 MP: 7/7
  2767 | D:3      | Noticed Ijyb
  2777 | D:3      | Killed Ijyb
  3207 | D:4      | Found a stormy altar of Qazlal.
  3412 | D:4      | Noticed Natasha
  3419 | D:4      | Killed Natasha
  3590 | D:4      | Got a scorched leather armour
  3732 | D:5      | Entered Level 5 of the Dungeon
  3741 | D:5      | Reached skill level 5 in Fighting
  3741 | D:5      | Reached skill level 7 in Axes
  3870 | D:5      | Gained mutation: You are mostly covered in rugged brown scales. (AC +2, +5% HP) [demonic ancestry]
  3870 | D:5      | Reached XP level 8. HP: 24/65 MP: 8/8
  4110 | D:5      | Found a staircase to the Ecumenical Temple.
  4145 | Temple   | Entered the Ecumenical Temple
  4200 | Temple   | Became a worshipper of Warmaster Okawaru
  4501 | D:5      | Reached skill level 8 in Axes
  4529 | D:5      | Found a hazy altar of Hepliaklqana.
  4531 | D:5      | HP: 14/66 [centaur (4)]
  4535 | D:5      | HP: 5/66 [phantom (5)]
  4545 | D:5      | HP: 2/66 [phantom (5)]
  4863 | D:5      | Reached * piety under Okawaru
  4995 | D:5      | Found a sacrificial altar of Ru.
  5036 | D:5      | Reached skill level 9 in Axes
  5179 | D:5      | Identified the cursed +1 leather armour of Day {Regen+ Int+5} (You found it on level 4 of the Dungeon)
  5318 | D:6      | Reached skill level 6 in Fighting
  5350 | D:6      | Noticed Dowan
  5351 | D:6      | Noticed Duvessa
  5373 | D:6      | Killed Duvessa
  5377 | D:6      | Killed Dowan
  5396 | D:6      | Reached XP level 9. HP: 68/74 MP: 9/9
  5609 | D:6      | Found Mischepn's Distillery.
  5867 | D:6      | Found a shadowy altar of Dithmenos.
  5867 | D:6      | Found a white marble altar of Elyvilon.
  6332 | D:7      | Noticed Joseph
  6340 | D:7      | Killed Joseph
  6340 | D:7      | Reached ** piety under Okawaru
  6340 | D:7      | Reached skill level 10 in Axes
  6775 | D:7      | Reached skill level 2 in Stealth
  6923 | D:7      | Gained mutation: You are frail. (-10% HP) [potion of mutation]
  6923 | D:7      | Gained mutation: Your system is resistant to poisons. (rPois) [potion of mutation]
  6923 | D:7      | Gained mutation: Your muscles are strong. (Str +2) [potion of mutation]
  7212 | D:7      | Reached skill level 7 in Fighting
  7329 | D:7      | Found a blossoming altar of Fedhas.
  7555 | D:7      | Found a runed door.
  7559 | D:7      | Noticed Crazy Yiuf
  7564 | D:7      | Killed Crazy Yiuf
  7638 | D:8      | Reached skill level 11 in Axes
  7702 | D:8      | Found a shimmering altar of Xom.
  7720 | D:8      | Found a glowing golden altar of the Shining One.
  7731 | D:8      | Identified the Grimoire of Freezing Summoning
  7743 | D:8      | Found an opulent altar of Gozag.
  7793 | D:8      | Reached *** piety under Okawaru
  7986 | D:8      | Reached XP level 10. HP: 75/75 MP: 10/10
  8094 | D:8      | HP: 18/75 [efreet/fireball (14)]
  8098 | D:8      | HP: 4/75 [efreet/scimitar of flaming (9)]
  8100 | D:8      | Killed from afar by an efreet

Vault maps used:
D:1:      lightli_arrival_statue_moat
D:2:      ashenzari_conservatory_becter, chequers_ecumenical_altar_twisty
D:3:      minmay_misc_feat_secret_circle, uniq_ijyb, uniq_grinder, uniq_terence,
          uniq_robin
D:4:      first_ration, grunt_qazlal_sundering, uniq_natasha
D:5:      lemuel_coloured_pillars_altar, temple_doors_e, minivault_26,
          minmay_ruined_shrine
D:6:      gammafunk_temple_overflow_wave, serial_shops, shop,
          grunt_decor_arrowhead, uniq_duvessa
D:7:      lemuel_doored_altar, uniq_joseph, uniq_crazy_yiuf_cottage
D:8:      minmay_tri_box, grunt_temple_overflow_open,
          nicolae_ru_the_path_less_chosen
Temple:   dpeg_chambers_temple

Skill      XL: |  1  2  3  4  5  6  7  8  9 |
---------------+----------------------------+-----
Axes           | 3 4 5 6 7 9 11 | 11.6
Stealth        | 1 2 |  2.0
Fighting       | 3 4 5 6 7 |  7.6
Throwing       | |  1.7
Dodging        | |  2.6
Invocations    | |  0.1

Action                   |  1- 3 |  4- 6 |  7- 9 | 10-12 || total
-------------------------+-------+-------+-------+-------++-------
Melee: War axe           |   104 |   139 |   488 |       ||   731
       Kick              |       |    26 |   161 |    12 ||   199
       Battleaxe         |       |       |    26 |    47 ||    73
Invok: Heroism           |       |       |     1 |       ||     1
  Use: Potion            |       |     6 |     5 |     3 ||    14
       Scroll            |       |     2 |     9 |     2 ||    13
 Stab: Sleeping          |     5 |     2 |       |       ||     7
  Eat: Chunk             |       |     6 |    17 |       ||    23
       Ration            |       |       |     1 |       ||     1
Armor: Leather armour    |    41 |    15 |       |       ||    56
       Chain mail        |       |    61 |   325 |    32 ||   418
       Skin              |       |    17 |       |       ||    17
Dodge: Dodged            |   100 |    68 |   224 |    35 ||   427

Table legend:
 A = Spawn XP
 B = Non-spawn XP
 C = Spawn XP percentage of total XP
 D = Spawn monster count
 E = Non-spawn monster count
 F = Spawn count percentage of total count
 G = Total turns spent on level
                    A         B        C        D         E        F      G
               +---------+---------+-------+---------+---------+-------+---------
         Total |       0 |    6117 |   0.0 |       0 |     253 |   0.0 |  8100
               +---------+---------+-------+---------+---------+-------+---------
           D:1 |       0 |      65 |   0.0 |       0 |      35 |   0.0 |   933
           D:2 |       0 |      89 |   0.0 |       0 |      26 |   0.0 |   761
           D:3 |       0 |     711 |   0.0 |       0 |      42 |   0.0 |  1437
           D:4 |       0 |     253 |   0.0 |       0 |      11 |   0.0 |   601
           D:5 |       0 |    1204 |   0.0 |       0 |      42 |   0.0 |  1085
           D:6 |       0 |     605 |   0.0 |       0 |      16 |   0.0 |  1342
           D:7 |       0 |    1696 |   0.0 |       0 |      42 |   0.0 |  1369
           D:8 |       0 |    1494 |   0.0 |       0 |      39 |   0.0 |   484
               +---------+---------+-------+---------+---------+-------+---------

Vault maps used:
D:1:      lightli_arrival_statue_moat
D:2:      ashenzari_conservatory_becter, chequers_ecumenical_altar_twisty
D:3:      minmay_misc_feat_secret_circle, uniq_ijyb, uniq_grinder, uniq_terence,
          uniq_robin
D:4:      first_ration, grunt_qazlal_sundering, uniq_natasha
D:5:      lemuel_coloured_pillars_altar, temple_doors_e, minivault_26,
          minmay_ruined_shrine
D:6:      gammafunk_temple_overflow_wave, serial_shops, shop,
          grunt_decor_arrowhead, uniq_duvessa
D:7:      lemuel_doored_altar, uniq_joseph, uniq_crazy_yiuf_cottage
D:8:      minmay_tri_box, grunt_temple_overflow_open,
          nicolae_ru_the_path_less_chosen
Temple:   dpeg_chambers_temple

Table legend:
 A = Turns spent in this place as a percentage of turns spent in the entire game.
 B = Non-inter-level travel turns spent in this place as a percentage of non-inter-level travel turns spent in the entire game.
 C = Inter-level travel turns spent in this place as a percentage of turns spent in this place.
 D = Turns resting spent in this place as a percentage of non-inter-level travel turns spent in this place.
 E = Turns spent auto-exploring this place as a percentage of non-inter-level travel turns spent in this place.
 F = Non-inter-level travel turns spent in this place divided by the number of levels of this place that you've seen.
                   A       B       C       D       E      F
               +-------+-------+-------+-------+-------+----------------------
         Total | 100.0 | 100.0 |   2.6 |  25.4 |  55.1 | 877.0
       Dungeon |  98.9 |  99.2 |   2.3 |  25.6 |  54.8 | 978.9
        Temple |   1.1 |   0.8 |  29.5 |   0.0 |  83.9 |  62.0
               +-------+-------+-------+-------+-------+----------------------

Table legend:
 A = Kills in this place as a percentage of kills in entire the game.
 B = Kills by you in this place as a percentage of kills by you in the entire game.
 C = Kills by friends in this place as a percentage of kills by friends in the entire game.
 D = Other kills in this place as a percentage of other kills in the entire game.
 E = Experience gained in this place as a percentage of experience gained in the entire game.
 F = Experience gained in this place divided by the number of levels of this place that you have seen.
                   A       B       C       D       E      F
               +-------+-------+-------+-------+-------+----------------------
         Total | 100.0 | 100.0 |   N/A |   N/A | 100.0 | 679.7
       Dungeon | 100.0 | 100.0 |   N/A |   N/A | 100.0 | 764.6
               +-------+-------+-------+-------+-------+----------------------
